 Dungeon Crawl Stone Soup version 0.31-a0-640-g39d97e502b (webtiles) character file.

Game seed: 10746727288460131151

17207 dialectric the Basher (level 12, -10/118 HPs)
             Began as a Minotaur Fighter on Aug 28, 2023.
             Was a Priest of Qazlal.
             Killed from afar by a deep elf pyromancer (22 damage)
             ... with a bolt of fire
             ... on level 13 of the Dungeon.
             The game lasted 00:17:38 (11713 turns).

dialectric the Basher (Minotaur Fighter)           Turns: 11713, Time: 00:17:39

Health: -10/118    AC: 15    Str: 23    XL:     12   Next: 16%
Magic:  11/11      EV: 12    Int:  5    God:    Qazlal [***...]
Gold:   1344       SH:  4    Dex: 11    Spells: 8/11 levels left

rFire   . . .        w - +2 whip (drain)
rCold   . . .        (no shield)
rNeg    . . .        k - +0 acid dragon scales
rPois   .            (helmet restricted)
rElec   .            z - +2 cloak {Stlth+}
rCorr   +            (no gloves)
SInv    .            x - +1 pair of boots
Will    +....        (no amulet)
Stlth   +            g - +4 ring of slaying
HPRegen 0.39/turn    A - ring of willpower
MPRegen 0.12/turn

%: no passive effects
@: on fire, slowed, glowing, very slow
A: horns 2, retaliatory headbutt, clumsy 1, noise suppression
a: Renounce Religion, Upheaval, Elemental Force


You were on level 13 of the Dungeon.
You worshipped Qazlal.
Qazlal was most pleased with you.
You visited 2 branches of the dungeon, and saw 14 of its levels.
You also visited: Bailey.

You collected 1344 gold pieces.

Inventory:

Hand Weapons
 w - a +2 whip of draining (weapon)
 y - a +4 quarterstaff of chaos
 G - a +0 morningstar
 J - a +0 demon whip of venom
Missiles
 n - 18 boomerangs
 o - 8 datura-tipped darts
 q - 32 poisoned darts (quivered)
 H - 5 throwing nets
Armour
 b - a +0 scale mail
 c - a +0 buckler
 k - +0 acid dragon scales (worn)
 u - the +1 plate armour of Elyvilon's Hope {*Slow Regen+ rCorr MP+9}
   (You found it in a bailey)

   MP+9:      It affects your magic capacity (+9).
   Regen+:    It increases your rate of health regeneration.
   rCorr:     It protects you from acid and corrosion.
   *Slow:     It may slow you when you take damage.
 x - a +1 pair of boots (worn)
 z - a +2 cloak of stealth (worn)
Jewellery
 a - a +6 ring of intelligence
 g - a +4 ring of slaying (left hand)
 r - the ring of the Devil's Team {Fly SInv}
   (You found it in a bailey)

   [ring of see invisible]

   SInv:      It lets you see invisible.
   Fly:       It grants you flight.
 A - a ring of willpower (right hand)
 E - a ring of protection from fire
 F - the amulet of Eklik {RegenMP rElec Regen+}
   (You took it off an orc on level 6 of the Dungeon)

   [amulet of magic regeneration]

   RegenMP:   It increases your rate of magic regeneration.
   rElec:     It insulates you from electricity.
   Regen+:    It increases your rate of health regeneration.
Wands
 L - a wand of iceblast (5)
Scrolls
 e - 8 scrolls of identify
 i - 3 scrolls of blinking
 j - 7 scrolls of fear
 t - 2 scrolls of brand weapon
 B - a scroll of acquirement {unknown}
 C - a scroll of teleportation
 K - 2 scrolls of vulnerability
 M - a scroll of amnesia
 P - a scroll of enchant armour {unknown}
Potions
 d - a potion of might
 f - 3 potions of brilliance
 h - 3 potions of curing
 l - 3 potions of resistance
 m - a potion of heal wounds {unknown}
 p - a potion of haste {unknown}
 s - 2 potions of lignification {unknown}
 v - a potion of degeneration {unknown}
 D - a potion of enlightenment {unknown}
 N - a potion of mutation
 O - a potion of attraction {unknown}


   Skills:
 + Level 14.5 Fighting
 + Level 14.5 Maces & Flails
 - Level 1.1 Throwing
 + Level 12.3 Armour
 - Level 4.2 Dodging
 - Level 4.0 Shields


You had 8 spell levels left.
You knew the following spells:

 Your Spells              Type           Power      Damage    Failure   Level
a - Swiftness             Air            0%         N/A       88%         3

Your spell library contained the following spells:

 Spells                   Type           Power      Damage    Failure   Level
 Kiss of Death            Conj/Necr      0%         2d5       54%         1
 Sting                    Tmut/Pois      0%         1d3       54%         1
 Ensorcelled Hibernation  Hex/Ice        0%         N/A       67%         2
 Passwall                 Tmut/Erth      0%         N/A       67%         2
 Poisonous Vapours        Pois/Air       0%         N/A       67%         2
 Sublimation of Blood     Necr           0%         N/A       67%         2
 Wereblood                Tmut           0%         N/A       67%         2
 Confusing Touch          Hex            0%         N/A       88%         3
 Tukima's Dance           Hex            0%         N/A       88%         3
 Dispel Undead            Necr           0%         3d6       99%         4
 Olgreb's Toxic Radiance  Pois           0%         N/A       99%         4
 Passage of Golubria      Tloc           0%         N/A       99%         4
 Yara's Violent Unravell  Hex/Tmut       0%         3d3       100%        5
 Haunt                    Necr/Summ      0%         N/A       100%        7
 Summon Hydra             Summ           0%         N/A       100%        7
 Borgnjor's Revivificati  Necr           0%         N/A       100%        8
 Death's Door             Necr           0%         N/A       100%        9


Dungeon Overview and Level Annotations

Branches:
Dungeon (13/15)            Temple (1/1) D:6            Lair (0/5) D:10
    Orc (0/2) D:12         Bailey (visited)
 Vaults: D:13-14

Altars:
Ashenzari
Cheibriados
Dithmenos
Elyvilon
Fedhas
Gozag
Hepliaklqana
Kikubaaqudgha
Makhleb
Nemelex Xobeh
Okawaru
Qazlal
Ru
Sif Muna
Trog
Uskayaw
Vehumet
Wu Jian
Xom
Yredelemnul
Zin
The Shining One

Shops:
D:5 =

Portals:
Trove: D:12 (give +3 gold dragon scales)


Innate Abilities, Weirdness & Mutations

You have a pair of horns on your head.
You reflexively headbutt those who attack you in melee.
You are clumsy. (Dex -2)
You passively dampen the noise of your surroundings.


Message History

You destroy the fire elemental!
The fire elemental disappears in a puff of smoke!
The fire elemental hits you. The fire elemental burns you!
* * * LOW HITPOINT WARNING * * *
You hit the fire elemental.
The fire elemental is heavily damaged.
The fire elemental hits you.
* * * LOW HITPOINT WARNING * * *
The fire elemental burns you!
* * * LOW HITPOINT WARNING * * *
Unknown command.
You hit the fire elemental.
The fire elemental is severely damaged.
The fire elemental completely misses you.
Unknown command.
You whack the fire elemental!
You destroy the fire elemental!
The fire elemental disappears in a puff of smoke!
You feel a bit more experienced.
Unknown command.
The deep elf archer unwields a +0 short sword.
The deep elf archer wields a +0 shortbow.
The deep elf archer shoots an arrow.
You block the arrow.
Unknown command.
You hit the deep elf pyromancer.
The deep elf pyromancer is lightly wounded.
You hear the faint crackling of a melting archway nearby.
Unknown command.
You whack the deep elf pyromancer!
Your headbutt misses the deep elf pyromancer.
The deep elf pyromancer is moderately wounded.
The deep elf pyromancer gestures at you while chanting.
The sticky flame hits you but does no damage.
You are covered in liquid flames!
The deep elf archer shoots an arrow.
The arrow closely misses you.
You are covered in liquid flames!
* * * LOW HITPOINT WARNING * * *
The deep elf pyromancer casts a spell at you.
The bolt of fire hits you!!
You die...

*,**###.#..#.#####......#######
*,,,....................#######
*,,,,.................>.#######
*,**###.#..#e##################
*,*,#.........§#.#.....########
*,*,.##.#..#K##e.#####.########
***+*,*,*,#..#K#.#.#####..######*
,,,,*,,*,*#..##e#$.#*****<*** *
,,,,*∩,,,,#..#..@.[#,,,,,,,,* *
,,,,******#..#######,,,,,,,,*** *
,,,,,,,,,+...,,,,,,,,,,,,,,,,,***
,,,,,,,,,*###,,,,,,,,,,,,,,,*,,**
******+*** *,,,,,,,,,,,,,,,**,**
*,** *,,,,,,,,,,,,,,,**,,+ *,,*
*,,,,,,,,,,,,,,,***** **,*
***********,***** * *,*
*,,<,,,,,,* ******


You could see a deep elf pyromancer and 2 kobold brigands.

Vanquished Creatures
  Harold (D:10)
  A vault guard (D:12)
  A centaur warrior (D:12)
  2 two-headed ogres
  Amaemon (D:10)
  A deep elf pyromancer (D:13)
  An ugly thing (D:11)
  3 gargoyles
  An orange demon (D:10)
  2 kobold demonologists
  Maggie (D:6)
  4 trolls
  Grinder (D:6)
  5 slime creatures (D:12)
  15 yaks
  Sigmund (D:3)
  A wraith (D:11)
  A wyvern (D:10)
  Eustachio (D:6)
  A basilisk (D:12)
  3 vampire mosquitoes (D:9)
  2 acid dragons
  2 ice beasts (D:6)
  Duvessa (D:5)
  10 orc warriors
  2 sky beasts (D:7)
  A black bear (D:8)
  2 ogres
  8 centaurs
  A phantom (D:4)
  Blork the orc (D:4)
  7 kobold brigands
  2 gnoll sergeants
  5 bullfrogs
  3 scorpions
  4 wights (D:7)
  Dowan (D:5)
  13 killer bees
  4 howler monkeys
  2 hounds
  5 orc priests
  Crazy Yiuf (D:4)
  Terence (D:2)
  Natasha (thrice) (D:2)
  4 iguanas
  9 orc wizards
  6 gnolls
  10 adders
  3 white imps
  2 worms
  3 dart slugs (D:4)
  30 orcs
  6 ball pythons
  3 bats
  7 endoplasms
  5 giant cockroaches
  9 goblins
  13 hobgoblins
  10 jackals
  25 kobolds
  4 quokkas
  4 frilled lizards
  3 rats
285 creatures vanquished.

Vanquished Creatures (others)
  A centaur skeleton (D:13)
1 creature vanquished.

Grand Total: 286 creatures vanquished

Notes
Turn   | Place    | Note
-------+----------+-------------------------------------------
     0 | D:1      | dialectric the Minotaur Fighter began the quest for the
                  | Orb.
     0 | D:1      | Reached XP level 1. HP: 19/19 MP: 0/0
   111 | D:1      | Reached XP level 2. HP: 26/27 MP: 1/1
   390 | D:1      | You fall into a shaft and drop 1 floor!
   391 | D:2      | Noticed Natasha
   398 | D:2      | Killed Natasha
   399 | D:2      | Reached XP level 3. HP: 16/34 MP: 2/2
   557 | D:2      | Noticed Natasha
   565 | D:2      | Killed Natasha
   566 | D:2      | Reached skill level 1 in Dodging
   566 | D:2      | Reached XP level 4. HP: 32/41 MP: 3/3
   619 | D:2      | Learned a level 3 spell: Swiftness
   757 | D:2      | Noticed Natasha
  1334 | D:2      | Killed Natasha
  1335 | D:2      | Reached XP level 5. HP: 42/47 MP: 4/4
  1381 | D:2      | Noticed Terence
  1397 | D:2      | Killed Terence
  1402 | D:2      | Reached skill level 5 in Armour
  1688 | D:2      | Found a faded altar of an unknown god.
  1850 | D:2      | Reached skill level 5 in Fighting
  1960 | D:3      | Noticed Sigmund
  2056 | D:3      | Killed Sigmund
  2057 | D:3      | Reached XP level 6. HP: 56/56 MP: 5/5
  2132 | D:3      | Found a hazy altar of Hepliaklqana.
  2148 | D:3      | Found a glowing silver altar of Zin.
  2323 | D:3      | Gained mutation: You are clumsy. (Dex -2) [potion of
                  | mutation]
  2323 | D:3      | Gained mutation: You passively dampen the noise of your
                  | surroundings. [potion of mutation]
  2596 | D:4      | Reached skill level 5 in Maces & Flails
  2598 | D:4      | Reached XP level 7. HP: 61/61 MP: 6/6
  2638 | D:4      | Found an ornate altar of the Wu Jian Council.
  2922 | D:4      | Noticed Blork the orc
  2925 | D:4      | Killed Blork the orc
  3096 | D:4      | Found a runed translucent door.
  3097 | D:4      | Noticed Crazy Yiuf
  3757 | D:4      | Killed Crazy Yiuf
  3815 | D:5      | Entered Level 5 of the Dungeon
  3961 | D:5      | Noticed Duvessa
  3961 | D:5      | Noticed Dowan
  3982 | D:5      | Killed Duvessa
  3989 | D:5      | Killed Dowan
  3990 | D:5      | Reached XP level 8. HP: 17/70 MP: 7/7
  4180 | D:5      | Found a blossoming altar of Fedhas.
  4186 | D:5      | Found an opulent altar of Gozag.
  4456 | D:5      | Found Xar Daps's Jewellery Shop.
  4491 | D:5      | Found a burning altar of Makhleb.
  5113 | D:6      | Found a staircase to the Ecumenical Temple.
  5120 | D:6      | Noticed Maggie
  5137 | D:6      | Killed Maggie
  5365 | D:6      | Identified the amulet of Eklik {RegenMP rElec Regen+}
  5543 | D:6      | Reached XP level 9. HP: 78/78 MP: 8/8
  5569 | D:6      | Noticed Grinder
  5580 | D:6      | Killed Grinder
  5614 | D:6      | Noticed Eustachio
  5618 | D:6      | Killed Eustachio
  5619 | D:6      | Reached skill level 10 in Maces & Flails
  5764 | Temple   | Entered the Ecumenical Temple
  5777 | Temple   | Became a worshipper of Qazlal Stormbringer
  5981 | D:7      | Found a bloodstained altar of Trog.
  6757 | D:8      | Noticed a two-headed ogre
  6768 | D:8      | Killed a two-headed ogre
  6769 | D:8      | Reached XP level 10. HP: 48/86 MP: 9/9
  6795 | D:8      | Reached skill level 10 in Armour
  6804 | D:8      | Reached * piety under Qazlal
  6927 | D:8      | Found a flagged portal.
  6954 | Bailey   | Entered a bailey
  7124 | Bailey   | Found a burning altar of Makhleb.
  7239 | Bailey   | Identified the ring of the Devil's Team {Fly SInv}
  7247 | Bailey   | Identified the +1 plate armour of Elyvilon's Hope {*Slow
                  | Regen+ rCorr MP+9}
  7476 | D:8      | Found a sparkling altar of Nemelex Xobeh.
  7577 | D:8      | Found a shimmering blue altar of Sif Muna.
  7824 | D:9      | Reached ** piety under Qazlal
  7985 | D:9      | HP: 3/93 [electric eel/bolt of electricity (9)]
  8033 | D:10     | Entered Level 10 of the Dungeon
  8254 | D:10     | Reached skill level 10 in Fighting
  8254 | D:10     | Reached skill level 1 in Throwing
  8324 | D:10     | Noticed an orange demon
  8334 | D:10     | Noticed Harold
  8346 | D:10     | Killed Harold
  8398 | D:10     | Found a staircase to the Lair.
  8411 | D:10     | Noticed a gargoyle
  8422 | D:10     | Killed a gargoyle
  8423 | D:10     | Reached XP level 11. HP: 62/102 MP: 10/10
  9081 | D:10     | Noticed Amaemon
  9099 | D:10     | Killed Amaemon
  9110 | D:10     | Reached *** piety under Qazlal
  9456 | D:11     | Noticed a two-headed ogre
  9466 | D:11     | Killed a two-headed ogre
  9988 | D:11     | Noticed a purple ugly thing
 10001 | D:11     | Killed a purple ugly thing
 10498 | D:12     | Found a shimmering altar of Xom.
 10819 | D:12     | Noticed a centaur warrior
 10828 | D:12     | Killed a centaur warrior
 10969 | D:12     | Reached XP level 12. HP: 75/117 MP: 11/11
 10973 | D:12     | Found a staircase to the Orcish Mines.
 11560 | D:12     | Noticed a vault guard
 11571 | D:12     | Killed a vault guard
 11636 | D:12     | Found a portal to a secret trove of treasure.
 11674 | D:13     | Noticed a two-headed ogre
 11713 | D:13     | Killed from afar by a deep elf pyromancer

Illustrated notes

Levels and vault maps discovered:
D:1:      minmay_arrival_five_plusses, layout_loops_corners,
          supply_closet_lemuel, minmay_cut_off
D:2:      layout_rooms, dilly_ecumenical_altar_fadedgnrine,
          minmay_misc_feat_diagonals, uniq_terence, uniq_natasha
D:3:      layout_rooms, mainiacjoe_overflow_concentric_impassable,
          zin_scriptorium, uniq_sigmund
D:4:      layout_basic, kennysheep_little_box, kennysheep_diamond,
          dreamdust_wishing_well, dk_noncrumbling_2,
          nicolae_elevator_lobby_asterisk, uniq_crazy_yiuf_cottage,
          uniq_blork_the_orc
D:5:      layout_rooms, lemuel_round_altar, nicolae_overflow_squiral,
          serial_shops, shop, uniq_duvessa
D:6:      layout_loops_cross, minmay_temple_entry_sparse_star, minivault_11,
          uniq_grinder, uniq_eustachio, uniq_maggie
D:7:      layout_cave_pools, mainiacjoe_overflow_six_doors_small
D:8:      layout_cave_pods, mainiacjoe_overflow_large_starburst, enter_bailey_4
D:9:      layout_loops_cross, chequers_big_river
D:10:     layout_small_grid, lair_entry_dummy, uniq_harold, uniq_amaemon
D:11:     layout_loops_ring
D:12:     layout_basic, david_orc_3, enter_trove_5, xom_teletrap_fun
D:13:     layout_roguey, hangedman_vaults_entry_quadrant_bands,
          portal_ice_cave_entry_imps
Temple:   dshaligram_water_room_temple

Skill      XL: |  1  2  3  4  5  6  7  8  9 10 11 |
---------------+----------------------------------+-----
Fighting       | 4 5 6 7 11 14 | 14.5
Armour         | 4 5 6 7 8 9 11 12 | 12.3
Shields        | 4 |  4.0
Maces & Flails | 3 4 5 6 9 12 13 14 | 14.5
Dodging        | 1 2 3 4 |  4.2
Throwing       | 1 |  1.1

Action                     |  1- 3 |  4- 6 |  7- 9 | 10-12 || total
---------------------------+-------+-------+-------+-------++-------
  Melee: Flail             |    62 |   121 |    18 |       ||   201
         Headbutt          |     8 |    14 |    53 |   103 ||   178
         Punch             |       |     2 |     1 |     2 ||     5
         Whip              |       |       |   221 |   461 ||   682
  Throw: Dart              |       |       |       |    14 ||    14
  Evoke: Wand              |       |       |     1 |       ||     1
    Use: Scroll            |       |     4 |     6 |     6 ||    16
         Potion            |       |     1 |       |     6 ||     7
   Stab: Sleeping          |       |       |     1 |       ||     1
 Armour: Scale mail        |    49 |    66 |    42 |       ||   157
         Acid dragon scale |       |       |    39 |   143 ||   182
  Dodge: Dodged            |    43 |   107 |   100 |   205 ||   455
  Block: Other             |       |       |       |    43 ||    43

Table legend: (Time is in decaauts)
 A = Elapsed time spent in this place.
 B = Non-inter-level travel time spent in this place.
 C = Inter-level travel time spent in this place.
 D = Time resting spent in this place.
 E = Time spent auto-exploring this place.
 F = Levels seen in this place.
 G = Mean time per level.
                   A        B        C        D        E       F      G
               +--------+--------+--------+--------+--------+-----+--------+
         Total |  11488 |  11184 |    304 |   1285 |   7818 |  15 |  765.9 |
       Dungeon |  11123 |  10837 |    286 |   1199 |   7677 |  13 |  855.6 |
        Temple |     26 |      8 |     18 |      0 |      0 |   1 |   26.0 |
        Bailey |    338 |    338 |      0 |     86 |    141 |   1 |  338.0 |
               +--------+--------+--------+--------+--------+-----+--------+

Top non-repeatable levels by time:
     D:4: 1377 daAuts
    D:10: 1325 daAuts
    D:11: 1181 daAuts
     D:2: 1017 daAuts
    D:12: 986 daAuts
     D:1: 952 daAuts
     D:6: 939 daAuts
     D:5: 929 daAuts
     D:7: 850 daAuts
     D:8: 620 daAuts
     D:3: 578 daAuts
  Bailey: 338 daAuts
     D:9: 312 daAuts
    D:13: 51 daAuts
  Temple: 26 daAuts
